 Dungeon Crawl Stone Soup version 0.31-a0-1072-g202bf7ea07 (webtiles) character file.

Game seed: 15713862214882528712

1435 Baz the Twirler (level 8, -9/62 HPs)
             Began as a Demonspawn Gladiator on Nov 26, 2023.
             Was a Priest of Lugonu.
             Killed from afar by a steam dragon (12 damage)
             ... with a ball of steam
             ... on level 6 of the Dungeon.
             The game lasted 00:08:32 (4973 turns).

Baz the Twirler (Demonspawn Gladiator)              Turns: 4973, Time: 00:08:33

Health: -9/62      AC:  8    Str: 21    XL:     8   Next: 45%
Magic:  0/12       EV: 17    Int:  8    God:    Lugonu [***...]
Gold:   189        SH:  0    Dex: 14    Spells: 7/7 levels left

rFire   . . .        a - +0 quarterstaff
rCold   . . .        (shield currently unavailable)
rNeg    . . .        f - +0 ring mail
rPois   .            c - +0 helmet
rElec   .            g - +0 cloak
rCorr   .            (no gloves)
SInv    .            (no boots)
Will    .....        (no amulet)
Stlth   +            q - +5 ring of evasion
HPRegen 0.30/turn    s - ring of flight
MPRegen 0.26/turn

%: clarity, guardian spirit
@: mighty, flying
A: powered by pain 2, magic shield, magic regeneration, weakness stinger 2,
clarity, strong 1
a: Renounce Religion, Depart the Abyss, Banish


You were on level 6 of the Dungeon.
You worshipped Lugonu.
Lugonu was most pleased with you.
You visited 1 branch of the dungeon, and saw 6 of its levels.

You collected 189 gold pieces.

Inventory:

Hand Weapons
 a - a +0 quarterstaff (weapon)
Missiles
 d - 3 throwing nets (quivered)
 e - a javelin
Armour
 c - a +0 helmet (worn)
 f - a +0 ring mail (worn)
 g - a +0 cloak (worn)
Jewellery
 b - a +6 ring of intelligence
 q - a +5 ring of evasion (left hand)
 s - a ring of flight (right hand)
 w - a ring of magical power
 A - a +6 ring of intelligence
Wands
 i - a wand of iceblast (23)
 y - a wand of charming (7)
Scrolls
 k - 3 scrolls of enchant weapon {unknown}
 l - a scroll of fear {unknown}
 m - 9 scrolls of identify {unknown}
 n - 6 scrolls of teleportation {unknown}
 p - 2 scrolls of noise {unknown}
 r - a scroll of fog {unknown}
 v - 3 scrolls of vulnerability {unknown}
 x - a scroll of torment {unknown}
 z - a scroll of poison {unknown}
Potions
 h - 2 potions of magic
 j - a potion of ambrosia {unknown}
 o - a potion of brilliance {unknown}
 u - a potion of lignification {unknown}
 B - a potion of haste {unknown}
 C - a potion of attraction


   Skills:
 + Level 5.0 Fighting
 * Level 6.6 Staves
 - Level 1.7 Throwing
 + Level 4.0 Armour
 - Level 2.8 Dodging
 + Level 5.8 Invocations


You had 7 spell levels left.
You didn't know any spells.
Your spell library contained the following spells:

 Spells                   Type           Power      Damage    Failure   Level
 Necrotise                Necr           0%         1d4       56%         1
 Shock                    Conj/Air       0%         1d3       56%         1
 Summon Small Mammal      Summ           0%         N/A       56%         1
 Call Canine Familiar     Summ           0%         N/A       91%         3
 Summon Guardian Golem    Hex/Summ       0%         N/A       91%         3
 Swiftness                Air            0%         N/A       91%         3
 Vampiric Draining        Necr           0%         2d6       91%         3
 Airstrike                Air            0%         2d(0-16)  100%        4
 Manifold Assault         Tloc           0%         N/A       100%        4
 Agony                    Necr           0%         N/A       100%        5
 Dispersal                Tloc           0%         N/A       100%        6
 Disjunction              Tloc           0%         N/A       100%        8


Dungeon Overview and Level Annotations

Branches:
Dungeon (6/15) Zot: 26440  Temple (0/1) D:4

Altars:
Fedhas
Qazlal
Lugonu


Innate Abilities, Weirdness & Mutations

You sometimes gain power by taking damage.
When hurt, damage is shared between your health and your magic reserves.
You regenerate magic rapidly.
You have a tail ending in a sharp stinger.
You possess an exceptional clarity of mind.
Your muscles are strong. (Str +4, Int/Dex -1)


Message History

You are engulfed in a cloud of scalding steam.
* * * LOW HITPOINT WARNING * * *
An orc comes into view. It is wielding a +0 dagger.
The steam dragon completely misses you.
The steam dragon claws you but does no damage.
You feel better.
You are engulfed in a cloud of scalding steam.
* * * LOW HITPOINT WARNING * * *
An iguana comes into view.
The steam dragon misses you. The steam dragon barely misses you.
You hit the steam dragon but do no damage.
Your tail-slap misses the steam dragon.
The steam dragon is almost dead.
You are engulfed in a cloud of scalding steam.
* * * LOW HITPOINT WARNING * * *
The steam dragon barely misses you.
The steam dragon claws you but does no damage.
You hit the steam dragon.
The steam dragon is almost dead.
You are engulfed in a cloud of scalding steam.
* * * LOW HITPOINT WARNING * * *
The steam dragon closely misses you. x2
You feel better. The steam dragon breathes steam at you.
The ball of steam hits you!
* * * LOW HITPOINT WARNING * * *
You focus on the pain.
You feel very mighty all of a sudden.
Okay, then.
Okay, then.
You closely miss the steam dragon.
The steam dragon is almost dead.
The steam dragon barely misses you. The steam dragon claws you.
* * * LOW HITPOINT WARNING * * *
Unknown command.
You closely miss the steam dragon.
The steam dragon is almost dead.
The steam dragon breathes steam at you. The ball of steam hits you!
You die...

#.................'.
#...........>.....#.
#...§.§...........#.
#....§............#<
#....§....#########.
#...§§....# #. +.........#
#.
...######§........##########
....l.ooo.D@................
#'##############..#....#####
#............#..#....+....
#.#######..#.#..#....#####
#.# #..#.#..#....+.... #.#
#....#..#....##### #.#
##§###..#....# #
##.########.###..#....# #
#.........#..)...#....# #


You could see a steam dragon (catching breath), an iguana and 3 orcs.

Vanquished Creatures
  Grinder (D:5)
  Eustachio (D:6)
  An ice beast (D:5)
  2 black bears (D:5)
  An ogre (D:5)
  A scorpion (D:6)
  A gnoll sergeant (D:6)
  A howler monkey (D:6)
  3 orc priests (D:5)
  A hound (D:5)
  2 gnoll boudas
  Jessica (D:2)
  2 iguanas
  4 orc wizards
  10 gnolls
  7 adders
  A white imp (D:5)
  2 worms (D:2)
  A dart slug (D:3)
  15 orcs
  5 ball pythons
  8 endoplasms
  A giant cockroach (D:4)
  7 goblins
  7 hobgoblins
  A quokka (D:2)
  3 bats (D:3)
  2 frilled lizards
  8 kobolds
  4 rats
104 creatures vanquished.

Notes
Turn   | Place    | Note
-------+----------+-------------------------------------------
     0 | D:1      | Baz the Demonspawn Gladiator began the quest for the Orb.
     0 | D:1      | Reached XP level 1. HP: 16/16 MP: 1/1
   106 | D:1      | Found a faded altar of an unknown god.
   114 | D:1      | Prayed at the altar of an unknown god.
   114 | D:1      | Became a worshipper of Lugonu the Unformed
   114 | D:1      | Reached * piety under Lugonu
   134 | D:1      | Gained mutation: You sometimes gain a little power by
                  | taking damage. [demonic ancestry]
   134 | D:1      | Reached XP level 2. HP: 22/22 MP: 2/2
   321 | D:1      | Reached skill level 3 in Staves
  1135 | D:2      | Reached skill level 1 in Invocations
  1135 | D:2      | Gained mutation: You regenerate magic rapidly. [demonic
                  | ancestry]
  1135 | D:2      | Reached XP level 3. HP: 25/28 MP: 3/3
  1400 | D:2      | Noticed Jessica
  1410 | D:2      | Killed Jessica
  1411 | D:2      | Reached skill level 1 in Armour
  1782 | D:3      | Reached ** piety under Lugonu
  1788 | D:3      | Gained mutation: You have a small tail. [demonic ancestry]
  1788 | D:3      | Reached XP level 4. HP: 31/34 MP: 5/5
  2726 | D:4      | Gained mutation: When hurt, damage is shared between your
                  | health and your magic reserves. [demonic ancestry]
  2726 | D:4      | Reached XP level 5. HP: 36/40 MP: 6/6
  2736 | D:4      | Reached skill level 4 in Staves
  2945 | D:4      | Found a staircase to the Ecumenical Temple.
  3228 | D:5      | Entered Level 5 of the Dungeon
  3257 | D:5      | Reached *** piety under Lugonu
  3283 | D:5      | Noticed a black bear
  3289 | D:5      | Gained mutation: You possess an exceptional clarity of
                  | mind. [potion of mutation]
  3289 | D:5      | Gained mutation: Your muscles are strong. (Str +4, Int/Dex
                  | -1) [potion of mutation]
  3294 | D:5      | Reached XP level 6. HP: 47/47 MP: 8/8
  3352 | D:5      | Reached skill level 5 in Staves
  3359 | D:5      | Gained mutation: You sometimes gain power by taking damage.
                  | [demonic ancestry]
  3359 | D:5      | Reached XP level 7. HP: 18/53 MP: 6/9
  3513 | D:5      | Noticed Grinder
  3520 | D:5      | Paralysed by Grinder for 2 turns
  3531 | D:5      | Paralysed by Grinder for 4 turns
  3539 | D:5      | Killed Grinder
  4274 | D:5      | Reached skill level 6 in Staves
  4274 | D:5      | Reached skill level 5 in Invocations
  4274 | D:5      | Gained mutation: You have a tail ending in a sharp stinger.
                  | [demonic ancestry]
  4274 | D:5      | Reached XP level 8. HP: 57/61 MP: 9/11
  4413 | D:6      | Found a stormy altar of Qazlal.
  4416 | D:6      | Found a blossoming altar of Fedhas.
  4532 | D:6      | Noticed Eustachio
  4565 | D:6      | Killed Eustachio
  4823 | D:6      | Reached skill level 5 in Fighting
  4968 | D:6      | HP: 2/62 [steam dragon] (5)]
  4973 | D:6      | Killed from afar by a steam dragon

Illustrated notes

Levels and vault maps discovered:
D:1:      heliophobic_arrival_enchanted_forest, layout_basic,
          dreamdust_ecumenical_altar_angels_and_demons,
          chequers_serial_rivers_large_a
D:2:      layout_rooms, grunt_ministairs_7, kennysheep_donut,
          minmay_statues_item, serial_bayou_pond_c, uniq_jessica
D:3:      layout_basic
D:4:      layout_rooms, minmay_temple_entry_glass
D:5:      layout_basic, uniq_grinder
D:6:      layout_basic, grunt_temple_overflow_forces_of_nature, uniq_eustachio,
          uniq_maggie

Skill      XL: |  1  2  3  4  5  6  7  8 |
---------------+-------------------------+-----
Staves         | 3 4 5 6 |  6.6
Invocations    | 1 2 3 5 |  5.8
Armour         | 1 2 3 4 |  4.0
Fighting       | 3 4 5 |  5.0
Throwing       | |  1.7
Dodging        | |  2.8

Action                     |  1- 3 |  4- 6 |  7- 9 || total
---------------------------+-------+-------+-------++-------
  Melee: Quarterstaff      |    86 |   154 |   153 ||   393
         Tailslap          |       |    21 |    13 ||    34
    Use: Potion            |       |     3 |     4 ||     7
 Armour: Leather armour    |     5 |       |       ||     5
         Ring mail         |    40 |    81 |    80 ||   201
  Dodge: Dodged            |    35 |   100 |   126 ||   261

Table legend: (Time is in decaauts)
 A = Elapsed time spent in this place.
 B = Non-inter-level travel time spent in this place.
 C = Inter-level travel time spent in this place.
 D = Time resting spent in this place.
 E = Time spent auto-exploring this place.
 F = Levels seen in this place.
 G = Mean time per level.
                   A        B        C        D        E       F      G
               +--------+--------+--------+--------+--------+-----+--------+
         Total |   5022 |   4919 |    103 |    443 |   3378 |   6 |  837.0 |
       Dungeon |   5022 |   4919 |    103 |    443 |   3378 |   6 |  837.0 |
               +--------+--------+--------+--------+--------+-----+--------+

Top non-repeatable levels by time:
     D:5: 1112 daAuts
     D:3: 948 daAuts
     D:2: 904 daAuts
     D:1: 878 daAuts
     D:4: 619 daAuts
     D:6: 558 daAuts
